 Dungeon Crawl Stone Soup version 0.27.0-1-g7a089689b8 (webtiles) character file.

Game seed: 6414234151085681209

151 AIAndy the Magician (level 5, -2/35 HPs)
             Began as a Djinni Fire Elementalist on Aug 10, 2021.
             Was a Believer of Zin.
             Killed by divine providence
             ... invoked by an orc priest
              (15 damage)
             ... on level 4 of the Dungeon.
             The game lasted 00:33:37 (3622 turns).

AIAndy the Magician (Djinni Fire Elementalist)      Turns: 3622, Time: 00:33:37

Health: -2/35      AC:  3    Str:  7    XL:     5   Next: 59%
Gold:   124        EV: 12    Int: 18    God:    Zin [**....] SH:  4 Dex: 13

rFire    + + .     SeeInvis .   i - +3 short sword
rCold    . . .     Faith    .   p - +0 buckler
rNeg     + . .     Spirit   .   u - +0 robe {rC+}
rPois    ∞         Reflect  .   (no helmet)
rElec    .         Harm     .   d - +0 cloak
rCorr    .         Rampage  .   (no gloves)
Will     .....                  (boots unavailable)
Stlth    ++........             l - amulet of the acrobat
HPRegen  0.11/turn              N - ring of positive energy
MPRegen  0.00/turn              (no ring)

@: flying, studying Maces & Flails
A: sickness immunity, fire resistance 2, cold vulnerability 1, float, innate
caster, hp casting, extra vitality 1
a: Renounce Religion, Recite, Vitalisation, Donate Gold


You were on level 4 of the Dungeon.
You worshipped Zin.
Zin was pleased with you.
You visited 1 branch of the dungeon, and saw 4 of its levels.

You collected 137 gold pieces.
You donated 13 gold pieces to Zin.


Innate Abilities, Weirdness & Mutations

You are immune to sickness and miasma.
You are immune to poison.
Your flesh is very heat resistant. (rF++)
You are vulnerable to cold. (rC-)
You float through the air rather than walking.
You learn spells naturally, not from books.
Your magical power is your life essence.
You have superior vitality. (+4 HP)


   Skills:
 - Level 2.1 Dodging
 - Level 1.5 Stealth
 + Level 2.3 Shields
 + Level 4.0 Spellcasting


You couldn't memorise any spells.
You knew the following spells:

 Your Spells              Type           Power      Damage    Failure   Level
b - Beastly Appendage     Tmut           36%        N/A       3%          1
c - Conjure Flame         Conj/Fire      18%        6-21      10%         3
f - Foxfire               Conj/Fire      72%        2x1d7     3%          1
l - Fireball              Conj/Fire      9%         3d6       67%         5
r - Inner Flame           Hex/Fire       18%        N/A       10%         3
y - Sticky Flame          Conj/Fire      18%        2d4       32%         4
B - Blink                 Tloc           N/A        N/A       4%          2
Your spell library was empty.

Inventory:

Hand Weapons
 i - a +3 short sword (weapon)
 k - a +0 mace of protection
 o - a +2 vorpal spear
 t - a +0 hunting sling
Missiles
 e - 147 stones
Armour
 a - a +0 robe
 d - a +0 cloak (worn)
 m - a scarf of invisibility
 p - a +0 buckler (worn)
 u - a +0 robe of cold resistance (worn)
Jewellery
 l - an amulet of the acrobat (around neck)
 N - a ring of positive energy (left hand)
Scrolls
 b - 2 scrolls of fear {unknown}
 c - 2 scrolls of enchant weapon {unknown}
 f - a scroll of blinking {unknown}
 g - 2 scrolls of identify {unknown}
 j - 2 scrolls of teleportation {unknown}
 s - a scroll of holy word {unknown}
Potions
 h - a potion of berserk rage {unknown}
 n - 2 potions of brilliance {unknown}
 q - 2 potions of curing {unknown}
 r - a potion of resistance {unknown}

Dungeon Overview and Level Annotations

Branches:
Dungeon (4/15)
 Temple: D:4-7

Altars:
Zin

##### #..... ...# #.####
#.############.###.#...
o................).....
... ......(.).......<..
#o# #..........###.#...
#o# #.###.....<..#.#...
#.###v.§.......#(#.#.#(
####'##)o@§.......#.#.#.#.
#....)....v.........#.#...
#.....).....###+#.###.####
#...........# ### #.# #
#...†.....:.#
........###### #......†.#
#.....#### #######


You could see an orc priest (ally target).


Message History

You kill the orc!
Casting: Foxfire (safe; 3% risk of failure)
Confirm with . or Enter, or press ? or * to list all spells.
You conjure some foxfire!
The orc priest misses you.
Your magical contamination has completely faded away.
Casting: Foxfire (safe; 3% risk of failure)
Confirm with . or Enter, or press ? or * to list all spells.
You conjure some foxfire!
The foxfire hits the orc priest but does no damage. x2
The orc priest closely misses you.
Casting: Foxfire (safe; 3% risk of failure)
Confirm with . or Enter, or press ? or * to list all spells.
You conjure some foxfire!
* * * LOW HITPOINT WARNING * * *
The foxfire hits the orc priest but does no damage.
The foxfire hits the orc priest.
The orc priest is moderately wounded.
The orc priest hits you with a +0 club.
* * * LOW HITPOINT WARNING * * *
Casting: Foxfire (safe; 3% risk of failure)
Confirm with . or Enter, or press ? or * to list all spells.
You conjure some foxfire!
* * * LOW HITPOINT WARNING * * *
The foxfire hits the orc priest.
The orc priest is severely wounded.
The foxfire hits the orc priest.
The orc priest is almost dead.
The orc priest invokes the aid of Beogh against you.
Beogh smites you!
You die...

Skill      XL: |  1  2  3  4  5 |
---------------+----------------+-----
Spellcasting   | 3 4 |  4.0
Shields        | 1 2 |  2.3
Dodging        | |  2.1
Stealth        | |  1.5

Action                   |  1- 3 |  4- 6 || total
-------------------------+-------+-------++-------
Melee: Short sword       |     4 |       ||     4
 Cast: Foxfire           |    47 |    65 ||   112
       Blink             |       |     1 ||     1
 Stab: Sleeping          |     4 |       ||     4
Armor: Robe              |     1 |     1 ||     2
Dodge: Dodged            |    20 |     3 ||    23
Block: Buckler           |       |     2 ||     2

Levels and vault maps discovered:
D:1:      saegor_arrival_simple_e, layout_loops_corners,
          hellmonk_ecumenical_altar_lost_god, hangedman_decor_push,
          minmay_pentomino_r2
D:2:      layout_rooms, kennysheep_generic_room_5
D:3:      layout_loops_corners
D:4:      layout_basic, old_standard_altar, uniq_blork_the_orc

Notes
Turn   | Place    | Note
-------+----------+-------------------------------------------
     0 | D:1      | AIAndy the Djinni Fire Elementalist began the quest for the
                  | Orb.
     0 | D:1      | Reached XP level 1. HP: 15/15 MP: 0/0
   337 | D:1      | Reached XP level 2. HP: 17/21 MP: 0/0
   600 | D:1      | Found a faded altar of an unknown god.
   661 | D:1      | Reached skill level 3 in Spellcasting
   670 | D:1      | Became a worshipper of Zin the Law-Giver
   670 | D:1      | Reached * piety under Zin
  1118 | D:1      | Reached XP level 3. HP: 24/25 MP: 0/0
  1118 | D:1      | Learned a level 1 spell: Beastly Appendage
  1697 | D:2      | Reached XP level 4. HP: 29/31 MP: 0/0
  1793 | D:2      | Reached skill level 1 in Shields
  2480 | D:3      | Reached ** piety under Zin
  2897 | D:3      | Reached XP level 5. HP: 14/35 MP: 0/0
  2897 | D:3      | Learned a level 2 spell: Blink
  3352 | D:3      | Reached skill level 2 in Shields
  3352 | D:3      | Reached skill level 4 in Spellcasting
  3622 | D:4      | Killed from afar by an orc priest

Vanquished Creatures
  2 orc wizards (D:3)
  3 adders (D:2)
  6 orcs
  7 ball pythons
  9 endoplasms
  2 giant cockroaches
  3 goblins
  5 hobgoblins
  4 jackals (D:2)
  6 kobolds
  2 quokkas
  4 bats
  3 frilled lizards
  6 rats
62 creatures vanquished.

Vanquished Creatures (others)
  169 foxfires
169 creatures vanquished.

Grand Total: 231 creatures vanquished

Table legend: (Time is in decaauts)
 A = Elapsed time spent in this place.
 B = Non-inter-level travel time spent in this place.
 C = Inter-level travel time spent in this place.
 D = Time resting spent in this place.
 E = Time spent auto-exploring this place.
 F = Levels seen in this place.
 G = Mean time per level.
                   A        B        C        D        E       F      G
               +--------+--------+--------+--------+--------+-----+--------+
         Total |   3622 |   3487 |    135 |    307 |   2608 |   4 |  905.5 |
       Dungeon |   3622 |   3487 |    135 |    307 |   2608 |   4 |  905.5 |
               +--------+--------+--------+--------+--------+-----+--------+

Top non-repeatable levels by time:
     D:1: 1341 daAuts
     D:3: 1140 daAuts
     D:2: 1005 daAuts
     D:4: 134 daAuts

Table legend:
 A = Non-vault XP
 B = Vault XP
 C = Vault XP percentage of total XP
 D = Non-vault monster count
 E = Vault monster count
 F = Vault count percentage of total count
                 A         B        C        D         E       F
            +---------+---------+-------+---------+---------+-------
      Total |     209 |       7 |   3.2 |      58 |       4 |   6.5
            +---------+---------+-------+---------+---------+-------
        D:1 |      28 |       3 |   9.7 |      17 |       2 |  10.5
        D:2 |      66 |       4 |   5.7 |      18 |       2 |  10.0
        D:3 |      98 |       0 |   0.0 |      16 |       0 |   0.0
        D:4 |      17 |       0 |   0.0 |       7 |       0 |   0.0
            +---------+---------+-------+---------+---------+-------
